 Dungeon Crawl Stone Soup version 0.19.5 (webtiles) character file.

156 hexophile the Chopper (level 5, -3/49 HPs)
             Began as a Naga Fighter on Mar 26, 2017.
             Was a Priest of Jiyva.
             Slain by a phantom (6 damage)
             ... on level 3 of the Dungeon.
             The game lasted 00:05:27 (3108 turns).

hexophile the Chopper (Naga Fighter)                Turns: 3108, Time: 00:05:28

Health: -3/49      AC:  6    Str: 19    XL:     5   Next: 38%
Magic:  3/5        EV:  7    Int:  9    God:    Jiyva [***...]
Gold:   185        SH:  0    Dex:  7    Spells: 0 memorised, 4 levels left

rFire  + + .     SeeInvis +     a - +0 war axe
rCold  + . .     Gourm    .     b - +0 scale mail
rNeg   . . .     Faith    .     (no shield)
rPois  +         Spirit   .     e - +0 helmet
rElec  +         Reflect  .     (no cloak)
rCorr  +         Harm     .     (no gloves)
MR     .....                    (no barding)
Stlth  ..........               (no amulet)
                                n - -3 ring of dexterity (curse)
                                m - ring of protection from fire {rF+}

@: resistant, very slightly contaminated, hasted, invisible, quick
A: see invisible, deformed body, poison resistance, slowness 2, slow metabolism
1, spit poison 1, AC +1
a: Spit Poison, Request Jelly, Renounce Religion


You were on level 3 of the Dungeon.
You worshipped Jiyva.
Jiyva was most pleased with you.
You were not hungry.

You visited 1 branch of the dungeon, and saw 4 of its levels.

You collected 185 gold pieces.


Innate Abilities, Weirdness & Mutations

You cannot wear boots.
Your serpentine skin is tough. (AC +1)
You have supernaturally acute eyesight. (SInv)
Armour fits poorly on your strangely shaped body.
Your system is resistant to poisons. (rPois)
You cover ground very slowly.
You have a slow metabolism.
You can spit poison.

Inventory:

Hand Weapons
 a - a +0 war axe (weapon)
 u - the +10 hunting sling of Insufficient Pleasure {venom, Int+2, unknown}
   (You found it on level 4 of the Dungeon)

   It poisons the ammo it fires.
   It affects your intelligence (+2).
Armour
 b - a +0 scale mail (worn)
 c - a +0 shield
 e - a +0 helmet (worn)
 o - a +0 pair of gloves
Jewellery
 l - an uncursed ring of stealth {unknown}
 m - a ring of protection from fire (left hand) {rF+}
 n - a cursed -3 ring of dexterity (right hand)
 p - an uncursed ring of wizardry {unknown}
 q - an uncursed ring of stealth {unknown}
 t - an uncursed ring of ice {unknown}
Scrolls
 k - a scroll of immolation
 s - a scroll of remove curse {unknown}
 v - a scroll of identify {unknown}
Potions
 d - a potion of might {Str+5 DMG+1d10}
 i - 2 potions of resistance {rF+ rC+ rPois rElec rCorr}
Comestibles
 f - 2 slices of pizza
 h - 5 fruits
 r - 2 bread rations


You had 4 spell levels left.
You didn't know any spells.


   Skills:
 - Level 3.0 Fighting
 + Level 5.4 Axes
 - Level 2.4 Armour
 - Level 2.4 Shields

Dungeon Overview and Level Annotations

Branches:
Dungeon (4/15)
 Temple: D:4-7

Altars:
Gozag
Hepliaklqana
Jiyva

Vault maps used:
D:1:      minmay_arrival_statue_studded, minmay_misc_feat_hallway,
          corexii_hall_statues_x
D:2:      kennysheep_goblin_castle, chequers_temple_overflow_minitemple,
          minivault_23, uniq_robin
D:3:      nicolae_overflow_hidden_temple
D:4:      fedhas_altar_3, gammafunk_temple_overflow_wave,
          minmay_temple_entry_glassed_door, nicolae_ossuary_entry_giza,
          trog_butcher_becter
You       could see a phantom.


Message History

You slash the phantom!
The phantom is heavily damaged.
The phantom hits you.
The phantom blinks!
You lost 3 HP.
You have now: 20/49 HP.
The phantom blinks!
There is a stone staircase leading up here.
The phantom hits you.
* * * LOW HITPOINT WARNING * * *
The phantom blinks!
You lost 4 HP.
You have now: 17/49 HP.
The phantom hits you but does no damage.
Your scale mail prevents you from hitting the phantom.
The phantom is heavily damaged.
The phantom hits you!
* * * LOW HITPOINT WARNING * * *
You lost 8 HP.
You have now: 9/49 HP.
The phantom hits you.
* * * LOW HITPOINT WARNING * * *
The phantom blinks!
You lost 4 HP.
You have now: 5/49 HP.
Unknown command.
It was a potion of invisibility.
You fade into invisibility!
You are very lightly contaminated with residual magic.
A phantom is nearby!
Unknown command.
It was a potion of resistance.
You feel protected.
A phantom is nearby!
It was a potion of haste.
You feel yourself speed up.
You hear a slurping noise.
Jiyva alters your body.
You feel as though nothing has changed. Jiyva appreciates your sacrifice.
The phantom hits you.
* * * LOW HITPOINT WARNING * * *
You lost 2 HP.
You have now: 3/49 HP.
There is a stone staircase leading up here.
The phantom hits you but does no damage.
You climb upwards.
There is a stone staircase leading down here.
You catch the helpless phantom completely off-guard!
You hit the phantom.
The phantom is heavily damaged.
The phantom hits you but does no damage.
You strike the helpless phantom from behind!
You hit the phantom but do no damage.
The phantom is heavily damaged.
The phantom hits you.
You die...

Action                   |  1- 3 |  4- 6 || total
-------------------------+-------+-------++-------
Melee: War axe           |    98 |    97 ||   195
Invok: Request Jelly     |       |     2 ||     2
 Abil: Spit Poison       |     6 |     6 ||    12
  Use: Potion            |       |     4 ||     4
       Scroll            |       |     1 ||     1
 Stab: Invisible         |       |     2 ||     2
  Eat: Chunk             |     1 |     3 ||     4
Armor: Scale mail        |    55 |    72 ||   127
Dodge: Dodged            |    53 |    43 ||    96
Block: Shield            |    12 |       ||    12

Notes
Turn   | Place    | Note
-------+----------+-------------------------------------------
     0 | D:1      | hexophile the Naga Fighter began the quest for the Orb.
     0 | D:1      | Reached XP level 1. HP: 21/21 MP: 1/1
    96 | D:1      | Reached XP level 2. HP: 8/28 MP: 2/2
   417 | D:1      | Reached skill level 3 in Axes
   853 | D:1      | Reached XP level 3. HP: 34/34 MP: 3/3
  1336 | D:2      | Reached skill level 4 in Axes
  1343 | D:2      | Reached XP level 4. HP: 34/42 MP: 4/4
  1400 | D:2      | Noticed Robin
  1410 | D:2      | HP: 2/42 [hobgoblin/club[Robin] (3)]
  1412 | D:2      | Killed Robin
  1763 | D:2      | Found a faded altar of an unknown god.
  1763 | D:2      | Found a faded altar of an unknown god.
  1829 | D:2      | Found a faded altar of an unknown god.
  1834 | D:2      | Became a worshipper of Jiyva Jilurui the Shapeless
  1834 | D:2      | Reached * piety under Jiyva
  1837 | D:2      | Found a faded altar of an unknown god.
  1839 | D:2      | Found an opulent altar of Gozag.
  2201 | D:2      | Reached skill level 5 in Axes
  2201 | D:2      | Reached XP level 5. HP: 46/49 MP: 5/5
  2333 | D:3      | Reached ** piety under Jiyva
  2528 | D:3      | Reached *** piety under Jiyva
  2554 | D:3      | Found a hazy altar of Hepliaklqana.
  3054 | D:4      | Got an ancient hunting sling
  3060 | D:4      | Noticed a phantom
  3108 | D:3      | Slain by a phantom

Table legend:
 A = Turns spent in this place as a percentage of turns spent in the entire game.
 B = Non-inter-level travel turns spent in this place as a percentage of non-inter-level travel turns spent in the entire game.
 C = Inter-level travel turns spent in this place as a percentage of turns spent in this place.
 D = Turns resting spent in this place as a percentage of non-inter-level travel turns spent in this place.
 E = Turns spent auto-exploring this place as a percentage of non-inter-level travel turns spent in this place.
 F = Non-inter-level travel turns spent in this place divided by the number of levels of this place that you've seen.
                   A       B       C       D       E      F
               +-------+-------+-------+-------+-------+----------------------
         Total | 100.0 | 100.0 |   0.3 |   1.4 |  13.6 | 219.0
       Dungeon | 100.0 | 100.0 |   0.3 |   1.4 |  13.6 | 219.0
               +-------+-------+-------+-------+-------+----------------------

Table legend:
 A = Kills in this place as a percentage of kills in entire the game.
 B = Kills by you in this place as a percentage of kills by you in the entire game.
 C = Kills by friends in this place as a percentage of kills by friends in the entire game.
 D = Other kills in this place as a percentage of other kills in the entire game.
 E = Experience gained in this place as a percentage of experience gained in the entire game.
 F = Experience gained in this place divided by the number of levels of this place that you have seen.
                   A       B       C       D       E      F
               +-------+-------+-------+-------+-------+----------------------
         Total | 100.0 | 100.0 |  -nan |  -nan | 100.0 |  56.0
       Dungeon | 100.0 | 100.0 |  -nan |  -nan | 100.0 |  56.0
               +-------+-------+-------+-------+-------+----------------------

Vanquished Creatures
  A hound (D:3)
  Robin (D:2)
  3 adders (D:2)
  An ooze (D:1)
  2 worms (D:2)
  A leopard gecko (D:1)
  5 giant cockroaches
  21 goblins
  8 hobgoblins
  6 jackals
  A quokka (D:3)
  A ball python (D:4)
  4 bats
  4 frilled lizards
  7 kobolds
  5 rats
71 creatures vanquished.

Vanquished Creatures (others)
  A jelly (D:4)
  An orc wizard (D:3)
  An adder (D:3)
  4 orcs (D:3)
  A giant cockroach (D:3)
  2 goblins (D:3)
  A hobgoblin (D:3)
  4 jackals (D:3)
  A kobold (D:3)
  2 quokkas (D:3)
  A bat (D:3)
  A frilled lizard (D:3)
20 creatures vanquished.

Grand Total: 91 creatures vanquished
